 Dungeon Crawl Stone Soup version 0.19-a0-1899-g2d93087 (webtiles) character file.

3049 jhr the Basher (level 9, -2/81 (82) HPs)
             Began as a Hill Orc Chaos Knight on Oct 20, 2016.
             Slain by a troll (3 damage)
             ... on level 9 of the Dungeon.
             The game lasted 00:27:45 (8045 turns).

jhr the Basher (Hill Orc Chaos Knight)              Turns: 8045, Time: 00:27:47

HP:   -2/81 (82)    AC: 12    Str: 23      XL:     9   Next: 87%
MP:   9/9           EV:  8    Int: 11 (12) God:    Xom [......]
Gold: 144           SH:  0    Dex: 11 (14) Spells: 0 memorised, 8 levels left

rFire  . . .     SeeInvis +     a - +2 mace (chaos)
rCold  . . .     Gourm    .     v - +1 chain mail
rNeg   . . .     Faith    .     (no shield)
rPois  .         Spirit   .     A - +0 helmet
rElec  +         Reflect  .     (no cloak)
rCorr  .         Harm     .     (no gloves)
MR     .....     Clarity  +     d - +2 pair of boots
Stlth  ..........               (no amulet)
                                E - ring of see invisible
                                w - ring of stealth

@: mighty
A: thin skeletal structure 1, agile 1, clarity, deformed body, mutation
resistance 1, electricity resistance
a: Renounce Religion


You were on level 9 of the Dungeon.
You worshipped Xom.
You were a very special plaything of Xom.
You were very hungry.

You visited 1 branch of the dungeon, and saw 9 of its levels.

You collected 528 gold pieces.
You spent 384 gold pieces at shops.

Inventory:

Hand Weapons
 a - a +2 mace of chaos (weapon)
Missiles
 k - 183 stones (quivered)
Armour
 d - a +2 pair of boots (worn)
 v - a +1 chain mail (worn)
 A - a +0 helmet (worn)
Jewellery
 w - a ring of stealth (left hand)
 E - a ring of see invisible (right hand)
Wands
 g - a wand of teleportation (2/9)
 h - a wand of flame (7/48)
 q - a wand of disintegration (13/24)
Scrolls
 e - 7 scrolls of amnesia
 f - a scroll of remove curse
 i - 8 scrolls of identify
 m - 2 scrolls of blinking
 o - 6 scrolls of teleportation
 p - 2 scrolls of fog
Potions
 j - a potion of heal wounds {unknown}
 n - 2 potions of curing {unknown}
 r - 2 potions of degeneration {unknown}
 s - 2 potions of lignification {unknown}
 x - 2 potions of might
 z - a potion of flight {unknown}
 C - a potion of magic {unknown}
 D - a potion of mutation {unknown}
Books
 l - a book of Flames

   Spells                             Type                      Level
   a - Flame Tongue                   Conjuration/Fire             1
   b - Throw Flame                    Conjuration/Fire             2
   c - Conjure Flame                  Conjuration/Fire             3
   d - Inner Flame                    Hexes/Fire                   3
   e - Sticky Flame                   Conjuration/Fire             4
   f - Fireball                       Conjuration/Fire             5
 F - a book of Frost

   Spells                             Type                      Level
   a - Freeze                         Ice                          1
   b - Throw Frost                    Conjuration/Ice              2
   c - Ozocubu's Armour               Charms/Ice                   3
   d - Throw Icicle                   Conjuration/Ice              4
   e - Summon Ice Beast               Ice/Summoning                4
Comestibles
 b - 2 fruits
 c - 5 bread rations
 t - 7 meat rations
 B - a royal jelly


   Skills:
 + Level 8.8 Fighting
 + Level 11.2 Maces & Flails
 - Level 0.8 Throwing
 + Level 6.7 Armour
 - Level 0.7 Dodging
 + Level 0.7 Unarmed Combat


You had 8 spell levels left.
You didn't know any spells.

Dungeon Overview and Level Annotations

Branches:
Dungeon (9/15)             Temple (0/1) D:5
   Lair: D:8-11         Orc: D:9-12

Altars:
Elyvilon
Makhleb
Trog
Xom
Zin

Shops:
D:8 ?*   D:9 *

Annotations:
D:4 Edmund


Innate Abilities, Weirdness & Mutations

You have a somewhat thin skeletal structure. (Dex +2, Stealth)
You are agile. (Dex +2)
You possess an exceptional clarity of mind.
Armour fits poorly on your strangely shaped body.
You are somewhat resistant to further mutation.
You are resistant to electric shocks. (rElec)


Message History

The troll claws you but does no damage.
You hit the troll but do no damage.
The troll is lightly wounded.
The troll bites you but does no damage. The troll claws you but does no damage.
The troll claws you.
You sock the troll! You freeze the troll.
The troll is heavily wounded. "You have grown too confident for your meagre worth."
Your body is wracked with pain!
The troll bites you.
* * * LOW HITPOINT WARNING * * *
The troll claws you but does no damage. The troll claws you!
* * * LOW HITPOINT WARNING * * *
It was a potion of might.
You feel very mighty all of a sudden.
Xom thinks this is hilarious!
The troll bites you!
* * * LOW HITPOINT WARNING * * *
The troll closely misses you. The troll claws you.
You die...
Xom chuckles heartily!

#........# +........# #........#
#<.......# #........# #........+
.. #.T......# #. #@##### ≈≈ #.
#.....# #≈≈ .## #####.### #≈≈ ..#
#.....# #≈≈ # #.# #######.....#
#≈≈ # #.##[...........########≈≈
########.#..######............#≈≈
##.........# #.....######.'≈≈
'..#####(### #.....# ###.≈


You could see a troll.

Vanquished Creatures
  The ghost of razgard the Grave Robber, a novice KoNe (D:4)
  Prince Ribbit (D:5)
  Grinder (D:4)
  Menkaure (D:4)
  An ice beast (D:6)
  A necrophage (D:6)
  3 phantoms
  3 ogres (D:7)
  2 big kobolds
  5 bullfrogs
  A wyvern zombie (D:8)
  3 scorpions
  3 killer bees (D:9)
  A howler monkey (D:5)
  A bullfrog zombie (D:5)
  A bullfrog skeleton (D:9)
  3 hounds
  A jelly (D:5)
  An orc wizard (D:5)
  An iguana (D:9)
  8 worker ants
  2 hound zombies
  A hound skeleton (D:6)
  9 adders
  3 shadow imps
  2 adder zombies
  An adder skeleton (D:5)
  A worm (D:2)
  5 dart slugs
  A leopard gecko (D:4)
  11 orcs
  5 ball pythons
  6 giant cockroaches
  9 goblins
  5 hobgoblins
  13 jackals
  4 quokkas
  8 bats
  2 frilled lizards
  13 kobolds
  A leopard gecko skeleton (D:5)
  2 leopard gecko zombies (D:7)
  8 rats
155 creatures vanquished.

Vanquished Creatures (collateral kills)
  A necrophage (D:6)
  An orc wizard (D:6)
  An iguana (D:6)
  An ooze (D:2)
  3 orcs (D:6)
  2 jackals (D:2)
  A bat (D:2)
10 creatures vanquished.

Vanquished Creatures (others)
  A worker ant (D:5)
1 creature vanquished.

Grand Total: 166 creatures vanquished

Notes
Turn   | Place    | Note
-------+----------+-------------------------------------------
     0 | D:1      | jhr the Hill Orc Chaos Knight began the quest for the Orb.
     0 | D:1      | Reached XP level 1. HP: 19/19 MP: 1/1
   202 | D:1      | XOM: silly message
   265 | D:1      | XOM: harmless Erth miscast
   380 | D:1      | XOM: noise
   404 | D:1      | Reached XP level 2. HP: 16/27 MP: 2/2
   417 | D:1      | XOM: harmless Hex miscast
   468 | D:1      | XOM: divination: detect items
   591 | D:1      | XOM: scenery: 1 doors open, 3 doors close
   721 | D:1      | XOM: noise
   804 | D:1      | XOM: silly message
   815 | D:1      | XOM is BORED!
   815 | D:1      | XOM: harmless Erth miscast
  1069 | D:2      | XOM: scenery: create altars
  1075 | D:2      | Reached skill level 4 in Maces & Flails
  1075 | D:2      | Reached XP level 3. HP: 21/33 MP: 3/3
  1158 | D:2      | XOM: enchant monster (good)
  1444 | D:2      | Found a burning altar of Makhleb.
  1447 | D:2      | Reached XP level 4. HP: 26/41 MP: 4/4
  1921 | D:3      | XOM: scenery: 1 doors open
  2291 | D:3      | Reached skill level 5 in Maces & Flails
  2293 | D:3      | XOM: cast spell 'Ice Form'
  2339 | D:3      | Reached XP level 5. HP: 47/47 MP: 5/5
  2531 | D:3      | XOM: summons 2 hostile demons
  2567 | D:3      | XOM: god gift: 28 stones
  2759 | D:3      | XOM: give mutations
  2759 | D:3      | Gained mutation: You have a somewhat thin skeletal structure. (Dex +2, Stealth) [Xom's grace]
  2759 | D:3      | Gained mutation: You are resistant to electric shocks. (rElec) [Xom's grace]
  2759 | D:3      | Gained mutation: You are agile. (Dex +2) [Xom's grace]
  2759 | D:3      | Gained mutation: You are somewhat resistant to further mutation. [Xom's grace]
  2862 | D:3      | XOM: medium Divn miscast
  2937 | D:4      | Noticed an ice beast
  3224 | D:4      | Found a white marble altar of Elyvilon.
  3232 | D:4      | Noticed Edmund
  3232 | D:4      | Noticed a phantom
  3241 | D:4      | XOM: enchant monster (good)
  3278 | D:3      | XOM: harmless Erth miscast
  3423 | D:4      | Noticed Menkaure
  3438 | D:4      | XOM: butterfly on damage
  3439 | D:4      | XOM: cast spell 'Summon Butterflies'
  3441 | D:4      | XOM: potion effect (heal wounds)
  3442 | D:4      | Killed Menkaure
  3442 | D:4      | Reached skill level 5 in Fighting
  3442 | D:4      | Reached XP level 6. HP: 55/56 MP: 6/6
  3455 | D:4      | Noticed Grinder
  3455 | D:4      | XOM: enchant monster (good)
  3467 | D:4      | Killed Grinder
  3467 | D:4      | Reached skill level 6 in Maces & Flails
  3467 | D:4      | Reached XP level 7. HP: 53/62 MP: 7/7
  3568 | D:4      | Reached skill level 7 in Maces & Flails
  3822 | D:4      | Noticed razgard's ghost (novice KoNe)
  3838 | D:4      | Killed razgard's ghost
  4034 | D:5      | Entered Level 5 of the Dungeon
  4094 | D:5      | Reached XP level 8. HP: 64/71 MP: 8/8
  4127 | D:5      | Noticed Prince Ribbit
  4134 | D:5      | XOM: enchant monster (good)
  4147 | D:5      | Killed Prince Ribbit
  4147 | D:5      | Reached skill level 8 in Maces & Flails
  4147 | D:5      | Reached skill level 5 in Armour
  4410 | D:5      | Found a staircase to the Ecumenical Temple.
  4555 | D:5      | XOM: harmless Air miscast
  4770 | D:5      | XOM: harmless Pois miscast
  4917 | D:6      | Found a white marble altar of Elyvilon.
  4961 | D:6      | XOM: 3-stop teleportation journey
  5011 | D:6      | Found a glowing silver altar of Zin.
  5029 | D:6      | XOM: noise
  5040 | D:6      | XOM: give mutations
  5040 | D:6      | Gained mutation: You are very agile. (Dex +4) [Xom's grace]
  5040 | D:6      | Gained mutation: You possess an exceptional clarity of mind. [Xom's grace]
  5041 | D:6      | Reached skill level 9 in Maces & Flails
  5415 | D:6      | Reached XP level 9. HP: 80/80 MP: 9/9
  5572 | D:6      | XOM: cast spell 'Summon Mana Viper'
  5760 | D:6      | Reached skill level 10 in Maces & Flails
  5778 | D:7      | Got a heavily jewelled robe
  5789 | D:7      | Identified the +1 robe of Mumblety Peg {rElec Str+3 Dex+4} (You found it on level 7 of the Dungeon)
  5900 | D:7      | XOM: harmless Conj miscast
  5985 | D:7      | XOM: harmless Erth miscast
  6263 | D:7      | XOM: stat loss: -1 Int (11/12)
  6331 | D:7      | XOM: summons 4 hostile demons
  6731 | D:7      | XOM: enchant monster (bad)
  6760 | D:7      | XOM: summons 1 hostile demon
  6773 | D:7      | Found a bloodstained altar of Trog.
  6792 | D:7      | XOM: smoke on damage
  7065 | D:7      | XOM: summons 2 hostile shadow creatures
  7069 | D:7      | XOM: give mutations
  7069 | D:7      | Gained mutation: Armour fits poorly on your strangely shaped body. [Xom's mischief]
  7069 | D:7      | Lost mutation: You are very agile. (Dex +4) [Xom's mischief]
  7070 | D:7      | XOM: smoke on damage
  7173 | D:7      | XOM: smoke on damage
  7310 | D:8      | Found Bilegawn's Assorted Antiques.
  7322 | D:8      | Bought a pair of runed boots for 262 gold pieces
  7327 | D:8      | Bought a scroll labeled DOISIK MIUFOT for 25 gold pieces
  7612 | D:8      | Found Ymaa's Magic Scroll Emporium.
  7618 | D:8      | Bought a scroll of enchant weapon for 97 gold pieces
  7674 | D:8      | Reached skill level 11 in Maces & Flails
  7703 | D:8      | XOM: 1-stop teleportation journey
  8001 | D:9      | Found Cize's Island Escapes.
  8034 | D:9      | Noticed a troll
  8035 | D:9      | XOM: mild Summ miscast
  8036 | D:9      | XOM: harmless Tmut miscast
  8044 | D:9      | XOM: torment (27/81 hp)
  8045 | D:9      | HP: 1/81 [troll (13)]
  8045 | D:9      | Slain by a troll

Vault maps used:
D:1:      lightli_iron_boxes, serial_bayou_crossing
D:2:      makhleb_grotto_becter, serial_curves, eino_curves_02, eino_curves_01,
          minivault_5, minmay_tromino_v7
D:4:      first_bread, grunt_ministairs_13, elyvilon_altar_5, uniq_grinder,
          uniq_edmund, uniq_menkaure, uniq_pikel
D:5:      minmay_opposing_rooms, uniq_prince_ribbit1
D:6:      nicolae_overflow_crystal_walls, basic_altar
D:7:      kennysheep_mini_moat
D:8:      serial_shops, nicolae_shop_stone, nicolae_shop_statue_plus,
          nicolae_shop_temple_entry_statues_fountains, hangedman_ranch,
          kennysheep_generic_room_3, uniq_gastronok
D:9:      erik_orc_1, special_room, nicolae_island_escapes

Skill      XL: |  1  2  3  4  5  6  7  8  9 |
---------------+----------------------------+-----
Fighting       | 4 5 6 7 8 |  8.8
Maces & Flails | 4 5 6 7 9 11 | 11.2
Armour         | 3 4 5 6 |  6.7
Throwing       | |  0.8
Dodging        | |  0.7
Unarmed Combat | |  0.7

Action                   |  1- 3 |  4- 6 |  7- 9 || total
-------------------------+-------+-------+-------++-------
Melee: Mace              |    94 |   158 |   425 ||   677
       Unarmed           |       |     7 |       ||     7
       Punch             |       |       |     1 ||     1
Throw: Throwing net      |       |     1 |       ||     1
Evoke: Wand              |       |     1 |     3 ||     4
  Use: Potion            |       |     1 |     1 ||     2
       Scroll            |       |       |    18 ||    18
 Stab: Petrified         |     3 |     9 |    12 ||    24
       Sleeping          |       |       |     9 ||     9
       Paralysed         |       |       |     9 ||     9
       Petrifying        |       |       |     3 ||     3
       Confused          |       |       |     2 ||     2
  Eat: Chunk             |     2 |     5 |    10 ||    17
       Beef jerky        |       |     1 |     1 ||     2
       Royal jelly       |       |       |     1 ||     1
Armor: Leather armour    |    35 |    51 |    56 ||   142
       Skin              |       |     5 |       ||     5
       Chain mail        |       |       |   158 ||   158
Dodge: Dodged            |    57 |    85 |   160 ||   302
